AoeStats
← Polo AK

Fortress

509567338Analyzed
4v4 RM · 6d ago on Sep 27, 2026· 17m 22s· 8 players
Game mode
Random Map
Map size
Huge
Population
200
Speed
Normal
Resources
Standard
Victory
Conquest
Starting age
Dark Age
Ending age
Imperial Age
RankedLock teamsTeams togetherTeam positionsShared explorationLock speedFull tech treeHidden civsTurbo modeCheats
Victory
Defeat
🇦🇷 Bohemians · Argentina
1250
+14
🇺🇸 Wei · United States
1241
+14
🇮🇱 Mapuche · Israel
1230
+14
🇲🇽 Turks · Mexico
1165
+16
🇨🇳 Koreans · China
1209
-15
🇯🇵 Saxons · Japan
1207
-15
🇦🇺 Slavs · Australia
1197
-15
🇨🇳 Persians · China
1159
-13
Maya
0:59 Loom
7:26 Feudal Age
Polo AK
8:54 Feudal Age
Defenestrator
8:50 Feudal Age
tugou
FATBOY <OBAMA>
7:26 Feudal Age
11:28 Castle Age
9:33 Loom
SHADOW2727z
0:44 Loom
6:32 Feudal Age
8:15 Double-Bit Axe
8:15 Horse Collar
13:17 Castle Age
13:03 Wheelbarrow
13:29 Gold Mining
14:22 Heavy Plow
14:35 Bow Saw
17:39 Hand Cart
Mike
7:28 Feudal Age
11:25 Castle Age
10:11 Double-Bit Axe
10:30 Loom
11:05 Horse Collar
13:17 Bow Saw
heavensent
8:02 Feudal Age
11:51 Castle Age
10:54 Forging
12:31 Double-Bit Axe
Connection lost

Rejoining the realm…

Still unreachable

The connection could not be restored.

Session expired

The server has moved on; the page needs a fresh start.